Map: 2000 Atmospheres LE

Players

Maru - Winner!

  • Race: Terran Terran

Zoun

  • Race: Protoss Protoss

Event: IEM Katowice 2022

VOD

Have the link to the VOD?

Description

Time

  • Played on: Feb. 25, 2022, 3:51 p.m.
  • Length: 10:28

All games in this series

Show
View Real Time Build Order
Export as new Build Order

Maru Terran - Winner!

Build Orders:  

Get SALT Encoding   

  12  0:00  SCV  
  13  0:12  SCV  
  14  0:17  Supply Depot  
  14  0:24  SCV  
  15  0:38  SCV  
  15  0:40  Barracks  
  16  0:43  Refinery  
  16  0:50  SCV  
  17  1:03  SCV  
  18  1:15  SCV  
  19  1:27  Orbital Command  
  19  1:29  Barracks Reactor  
  19  1:41  Command Center  
  19  1:50  Supply Depot  
  19  1:53  SCV  
  20  2:03  Factory  
  20  2:07  SCV  
  21  2:09  Marine  
  21  2:12  Marine  
  23  2:17  Refinery  
  23  2:19  SCV  
  24  2:27  Marine  
  25  2:30  Marine  
  25  2:31  SCV  
  26  2:43  SCV  
  27  2:45  Marine  
  27  2:48  Marine  
  27  2:49  Starport  
  29  2:53  Orbital Command  
  29  2:58  SCV  
  30  3:04  Marine  
  31  3:06  Marine  
  31  3:09  Widow Mine  
  31  3:12  SCV  
  35  3:20  SCV  
  35  3:21  Marine  
  35  3:24  SCV, Medivac  
  40  3:28  Supply Depot  
  40  3:30  Widow Mine  
  40  3:32  Marine  
  43  3:34  SCV  
  43  3:36  SCV  
  45  3:46  SCV  
  45  3:47  Barracks  
  46  3:50  SCV, Barracks  
  46  3:54  Factory Tech Lab  
  46  3:55  Starport Tech Lab  
  47  3:59  SCV  
  46  4:03  SCV  
  46  4:11  SCV  
  46  4:15  SCV  
  46  4:21  Raven  
  46  4:23  SCV  
  48  4:27  SCV  
  46  4:32  Marine x2  
  46  4:35  SCV  
  48  4:39  SCV  
  48  4:41  Engineering Bay  
  48  4:42  Supply Depot, Refinery  
  49  4:47  SCV  
  49  4:49  Marine  
  49  4:50  Marine  
  49  4:51  SCV  
  50  4:59  SCV  
  48  5:03  Marine, Stimpack  
  48  5:04  SCV  
  50  5:07  Marine x2  
  50  5:09  Terran Infantry Weapons Level 1  
  50  5:11  SCV  
  50  5:12  Bunker, Marine  
  52  5:14  Factory Reactor  
  52  5:15  Starport Reactor  
  52  5:16  SCV  
  52  5:17  Missile Turret  
  52  5:20  Supply Depot  
  53  5:21  Marine  
  53  5:23  SCV  
  53  5:24  Combat Shield  
  53  5:25  Marine  
  53  5:28  SCV  
  57  5:31  Marine, Marauder  
  57  5:34  Supply Depot  
  60  5:35  SCV  
  60  5:38  Supply Depot  
  60  5:42  Marauder  
  63  5:43  Marine  
  63  5:46  SCV  
  63  5:48  SCV  
  66  5:51  Supply Depot, Marine  
  66  5:52  Widow Mine  
  66  5:55  Supply Depot  
  66  5:56  Widow Mine, Medivac  
  73  5:59  Marauder  
  73  6:01  Refinery, Marine  
  73  6:03  Marauder  
  78  6:07  Medivac  
  78  6:09  Marine  
  81  6:15  Widow Mine, Supply Depot  
  81  6:17  Widow Mine  
  85  6:18  Marine  
  86  6:26  Marauder x2, Marine  
  91  6:36  Marine  
  91  6:43  Concussive Shells  
  91  6:44  Marine  
  91  6:45  Widow Mine x2, Medivac  
  98  6:47  SCV  
  98  6:48  Marauder x2  
  98  6:49  Command Center  
  103  6:55  Supply Depot  
  103  6:59  SCV  
  99  7:06  Barracks  
  99  7:07  Marine  
  100  7:09  Marauder  
  100  7:11  Barracks  
  99  7:17  Marine  
  99  7:18  Widow Mine, Marauder  
  99  7:19  Widow Mine  
  106  7:25  SCV  
  106  7:26  SCV  
  106  7:28  Medivac  
  101  7:30  Marauder  
  93  7:37  SCV  
  93  7:38  SCV  
  93  7:39  Marine  
  93  7:40  Widow Mine x2  
  93  7:41  Marine  
  93  7:42  Marauder  
  102  7:46  Terran Infantry Armor Level 1  
  93  7:52  Marauder  
  93  7:57  Marine x2  
  93  8:01  Widow Mine x2  
  93  8:02  Medivac  
  93  8:03  Marauder  
  97  8:08  SCV x2  
  97  8:10  Orbital Command  
  93  8:13  Marauder  
  93  8:16  Medivac  
  93  8:17  Barracks Reactor  
  93  8:18  Barracks Tech Lab  
  96  8:20  SCV  
  96  8:21  Marine  
  96  8:23  Widow Mine  
  96  8:25  Marauder  
  96  8:26  SCV  
  95  8:32  SCV, Medivac  
  96  8:35  Marine, Marauder  
  96  8:38  SCV  
  96  8:39  SCV, Ghost Academy  
  101  8:44  SCV  
  101  8:46  Marine, Medivac, Marauder x2  
  107  8:50  SCV  
  107  8:51  SCV  
  107  8:53  Widow Mine x2, Marine  
  107  8:54  Marine  
  115  8:55  Marine  
  115  8:56  SCV  
  115  8:57  Marauder  
  115  9:01  Supply Depot  
  115  9:02  Medivac  
  121  9:03  SCV  
  121  9:04  SCV  
  123  9:11  Marine x3  
  123  9:16  Medivac  
  128  9:20  Ghost  
  128  9:21  Marine x3  
  132  9:24  Refinery  
  132  9:25  Supply Depot x2, Refinery  
  129  9:32  Medivac  
  129  9:35  Marine, Marauder x2  
  129  9:38  SCV x2  
  138  9:39  Marine  
  138  9:42  Marine x2  
  141  9:49  Ghost  
  141  9:52  Marine  
  141  9:53  SCV x2  
  141  9:56  Marine  
  141  9:58  SCV  
  140  10:00  Command Center  
  140  10:02  Armory  
  140  10:05  SCV  
  141  10:09  Marine x2  
  141  10:10  SCV  
  141  10:12  SCV  
Show
View Real Time Build Order
Export as new Build Order

Zoun Protoss 

Build Orders: 1 Gate Expand, Oracle Opening 

Get SALT Encoding   

  12  0:00  Probe  
  13  0:12  Probe  
  14  0:17  Pylon  
  14  0:24  Probe (Chrono Boost)  
  15  0:36  Gateway, Probe (Chrono Boost)  
  16  0:44  Probe (Chrono Boost)  
  16  0:46  Assimilator  
  17  0:50  Probe  
  18  1:03  Probe  
  19  1:15  Probe  
  20  1:23  Cybernetics Core  
  20  1:32  Nexus  
  20  1:36  Probe  
  21  1:43  Pylon  
  21  1:49  Probe  
  21  1:51  Assimilator  
  22  1:58  Adept (Chrono Boost)  
  25  2:01  Probe  
  25  2:13  Probe  
  26  2:22  Stargate  
  26  2:25  Probe  
  26  2:28  Adept  
  29  2:35  Warp Gate  
  29  2:37  Probe (Chrono Boost)  
  30  2:47  Probe (Chrono Boost)  
  30  2:49  Probe (Chrono Boost)  
  32  2:56  Probe (Chrono Boost)  
  32  2:57  Probe (Chrono Boost)  
  34  3:01  Probe (Chrono Boost)  
  34  3:03  Oracle (Chrono Boost)  
  34  3:04  Probe  
  36  3:11  Adept  
  41  3:13  Probe  
  41  3:16  Pylon, Probe  
  43  3:25  Probe  
  44  3:29  Probe  
  44  3:30  Twilight Council  
  45  3:37  Probe  
  45  3:40  Gateway  
  46  3:42  Gateway, Probe  
  47  3:49  Probe  
  47  3:52  Shield Battery  
  47  3:54  Probe  
  49  4:01  Probe  
  50  4:06  Probe  
  51  4:11  Oracle (Chrono Boost), Pylon  
  51  4:13  Probe  
  50  4:18  Probe  
  47  4:24  Adept  
  47  4:25  Probe  
  47  4:30  Probe  
  50  4:34  Stalker  
  50  4:37  Probe  
  53  4:42  Stalker, Nexus, Probe  
  56  4:51  Blink (Chrono Boost)  
  55  4:54  Pylon, Probe  
  55  4:59  Pylon  
  56  5:04  Probe  
  57  5:08  Stalker x2  
  57  5:14  Probe  
  62  5:16  Probe  
  62  5:18  Pylon, Forge  
  63  5:26  Probe  
  64  5:35  Stalker x3  
  70  5:37  Probe  
  70  5:38  Probe  
  69  5:43  Gateway  
  69  5:49  Probe  
  70  5:50  Probe  
  70  5:52  Protoss Ground Weapons Level 1  
  70  5:55  Pylon  
  71  5:57  Probe  
  71  6:01  Gateway  
  72  6:05  Gateway x2  
  72  6:08  Gateway  
  72  6:12  Robotics Facility  
  72  6:16  Probe x3  
  72  6:18  Assimilator x2  
  75  6:21  Zealot x2  
  75  6:24  Stalker  
  81  6:28  Probe x3  
  81  6:31  Shield Battery  
  84  6:33  Charge (Chrono Boost)  
  84  6:44  Zealot x3  
  90  6:52  Pylon x2  
  90  6:58  Zealot x3  
  94  7:05  Sentry, Stalker  
  94  7:06  Stalker x2  
  94  7:07  Zealot  
  104  7:09  Pylon  
  104  7:19  Stalker x2  
  102  7:27  Stalker  
  102  7:28  Probe  
  89  7:33  Stalker x3, Probe x2  
  88  7:40  Probe  
  88  7:43  Stalker x2  
  88  7:44  Zealot  
  95  7:45  Probe x2  
  95  7:48  Zealot  
  95  7:50  Zealot  
  93  7:53  Probe  
  93  7:57  Probe  
  87  7:59  Zealot x3  
  81  8:07  Zealot x3  
  81  8:10  Probe x2  
  87  8:14  Zealot x2  
  87  8:26  Zealot x3  
  85  8:27  Probe x2  
  85  8:31  Observer  
  85  8:33  Robotics Bay  
  78  8:34  Zealot x3  
  78  8:38  Probe  
  78  8:39  Probe x2  
  87  8:53  Robotics Facility  
  87  8:55  Stalker x5  
  97  9:05  Warp Prism (Chrono Boost)  
  97  9:22  Nexus  
  97  9:24  Pylon  
  93  9:26  Sentry, Zealot x3  
  99  9:40  Sentry x2, Stalker  
  99  9:43  Disruptor (Chrono Boost)  
  99  9:44  Gateway  
  108  9:47  Zealot  
  108  9:48  Zealot x2  
  110  9:59  Disruptor (Chrono Boost)  
  102  10:00  Stalker  
  102  10:05  Zealot x3  
  111  10:10  Zealot x3  
  97  10:19  Gateway  
  87  10:25  Zealot  

Tags
 
Add a new tag
Caveats
  • Supply blocks, unpowered buildings, or Contaminate may cause inaccurate times.
  • Supply counts are checked every 10 seconds.